 Dungeon Crawl Stone Soup version 0.23.2 (webtiles) character file.

Game seed: 12033969434380274247

5549 Kairos the Spear-Bearer (level 11, -6/86 HPs)
             Began as a Formicid Abyssal Knight on Apr 9, 2019.
             Was a High Priest of Lugonu.
             Mangled by a two-headed ogre
             ... wielding a +0 giant spiked club
              (27 damage)
             ... on level 10 of the Dungeon.
             The game lasted 00:14:18 (11259 turns).

Kairos the Spear-Bearer (Formicid Abyssal Knight)  Turns: 11259, Time: 00:14:19

Health: -6/86      AC: 16    Str: 19    XL:     11   Next: 2%
Magic:  12/12      EV: 10    Int: 11    God:    Lugonu [*****.]
Gold:   525        SH:  3    Dex: 10    Spells: 10/10 levels left

rFire    + + .     SeeInvis +   v - +4 spear (venom)
rCold    . . .     Gourm    .   F - +0 buckler
rNeg     . . .     Faith    .   k - +2 fire dragon scales
rPois    .         Spirit   .   (helmet unavailable)
rElec    +         Reflect  .   p - +0 cloak
rCorr    +         Harm     +   (no gloves)
MR       +....                  w - +0 pair of boots
Stlth    ..........             B - amulet of harm
HPRegen  0.24/turn              j - ring of protection from cold
MPRegen  0.13/turn              E - ring of resist corrosion

@: no status effects
A: permanent stasis, dig shafts and tunnels, four strong arms, antennae 3, beak,
blurry vision 1, dopey 1, electricity resistance
a: Dig, Shaft Self, Depart the Abyss, Bend Space, Banish, Corrupt, Enter the
Abyss, Renounce Religion


You were on level 10 of the Dungeon.
You worshipped Lugonu.
Lugonu was extremely pleased with you.
You were hungry.

You visited 1 branch of the dungeon, and saw 10 of its levels.
You visited the Abyss 1 time.
You also visited: Ossuary.

You collected 525 gold pieces.

Inventory:

Hand Weapons
 a - a +1 spear
 b - a +0 trident
 v - a +4 spear of venom (weapon)
Missiles
 d - 7 tomahawks
 e - 2 throwing nets (quivered)
Armour
 k - +2 fire dragon scales (worn)
 p - a +0 cloak (worn)
 w - a +0 pair of boots (worn)
 F - a +0 buckler (worn)
Jewellery
 j - a ring of protection from cold (left hand)
 u - an uncursed ring of protection from cold
 x - an uncursed amulet of the acrobat
 B - an amulet of harm (around neck)
 E - a ring of resist corrosion (right hand)
Wands
 f - a wand of disintegration (13)
 g - a wand of random effects (17)
 m - a wand of scattershot (9)
Scrolls
 h - 2 scrolls of magic mapping
 l - 7 scrolls of remove curse
 r - 4 scrolls of immolation
 s - 2 scrolls of amnesia
 t - a scroll of holy word
 y - 2 scrolls of silence
 A - 2 scrolls of fog
 G - a scroll of fear {unknown}
Potions
 i - 2 potions of brilliance
 n - 4 potions of heal wounds
 o - 10 potions of curing
 q - 2 potions of flight
 z - 2 potions of agility
 C - 2 potions of might
Comestibles
 c - 13 rations


   Skills:
 + Level 8.3 Fighting
 + Level 10.5 Polearms
 + Level 8.8 Armour
 + Level 4.4 Dodging
 + Level 2.8 Stealth
 + Level 0.3 Shields
 + Level 2.2 Invocations


You had 10 spell levels left.
You didn't know any spells.
Your spell library was empty.

Dungeon Overview and Level Annotations

Branches:
Dungeon (10/15)            Temple (0/1) D:6
   Lair: D:8-11         Orc: D:9-12

Altars:
Dithmenos
Elyvilon
Kikubaaqudgha
Makhleb
Okawaru
Qazlal
Trog
Yredelemnul
The Shining One

Shops:
D:4 %   D:5 [


Innate Abilities, Weirdness & Mutations

You cannot be hasted, slowed, berserked, paralysed or teleported.
You can dig through walls and to a lower floor.
Your four strong arms can wield two-handed weapons with a shield.
You have a pair of large antennae on your head. (SInv)
You have a beak for a mouth.
Scrolls take you a little longer to read.
You are dopey. (Int -2)
You are resistant to electric shocks. (rElec)


Message History

The two-headed ogre closely misses you.
The two-headed ogre hits you with a +0 giant club!
There is an open door here.
There is an open door here.
The two-headed ogre hits you but does no damage.
The two-headed ogre hits you with a +0 giant club!
* * * LOW HITPOINT WARNING * * *
There is an open door, spattered with blood here.
You are too injured to fight recklessly!
Evoke which item? (* to show all) (? for menu, Esc to quit)
Aiming: Disintegrate
Press: ? - help, Shift-Dir - straight line, f - two-headed ogre
Aim: a two-headed ogre, wielding a +0 giant spiked club and a +0 giant club (heavily wounded, poisoned, chance to defeat MR: 48%)
The two-headed ogre resists with some effort.
The two-headed ogre looks more healthy.
You hit the two-headed ogre.
The two-headed ogre is poisoned.
Your peck misses the two-headed ogre.
The two-headed ogre is severely wounded.
The two-headed ogre hits you with a +0 giant spiked club!!
You die...

#......# #........
###......#####........
.(...........#........
#......###.'........
#......# ###........
#......# #........
#####.## ########+
#.O.# ##@### ######+#
#..# #.......
##.####### #....(..
#........####.......
#..........##.......
#........#..'.......
#..>.....####.......
#........# #...>...
#........# #.......


You could see a two-headed ogre.

Vanquished Creatures
  Grinder (D:6)
  Eustachio (D:5)
  2 wyverns
  2 hungry ghosts (D:9)
  An ice beast (D:10)
  A hornet zombie (D:8)
  An orc warrior (D:6)
  3 sky beasts
  A black bear (D:9)
  6 ogres
  5 phantoms
  2 centaurs
  A crocodile (D:10)
  Blork the orc (D:6)
  A big kobold (D:9)
  4 water moccasin zombies (Ossuary)
  4 bullfrogs (D:6)
  4 scorpions
  7 killer bees
  An oklob sapling (D:6)
  A howler monkey (D:6)
  8 crimson imps
  3 jellies
  3 orc priests
  A bullfrog skeleton (D:4)
  6 hounds
  2 centaur skeletons
  A gnoll shaman (D:5)
  5 orc wizards
  Jessica (D:2)
  4 iguanas
  2 worker ants
  4 big kobold zombies (Ossuary)
  A hound skeleton (D:6)
  2 mummies (Ossuary)
  4 worker ant zombies
  14 gnolls
  10 adders
  4 shadow imps
  2 oozes (D:1)
  7 adder zombies
  3 dart slugs (D:1)
  5 worms
  5 leopard geckos
  21 orcs
  3 ball pythons
  12 giant cockroaches
  10 goblins
  8 hobgoblins
  17 jackals
  3 quokkas
  9 bats
  3 frilled lizards
  6 gnoll zombies (Ossuary)
  4 hobgoblin zombies (Ossuary)
  2 jackal zombies (D:8)
  13 kobolds
  6 kobold zombies (Ossuary)
  6 orc zombies (Ossuary)
  8 rats
  A plant (D:6)
279 creatures vanquished.

Vanquished Creatures (others)
  A rat (D:2)
  8 fungi (D:10)
  3 plants (D:6)
12 creatures vanquished.

Grand Total: 291 creatures vanquished

Notes
Turn   | Place    | Note
-------+----------+-------------------------------------------
     0 | Abyss:1  | Kairos the Formicid Abyssal Knight began the quest for the
                  | Orb.
     0 | Abyss:1  | Reached XP level 1. HP: 18/18 MP: 2/2
    26 | Abyss:1  | Found a corrupted altar of Lugonu.
   131 | Abyss:1  | Found a hide-covered altar of Uskayaw.
   138 | Abyss:1  | Noticed a worldbinder
   142 | Abyss:1  | Noticed a jumping spider
   143 | D:1      | Escaped the Abyss
   168 | D:1      | Found a runed translucent door.
   226 | D:1      | Reached * piety under Lugonu
   226 | D:1      | Reached XP level 2. HP: 18/24 MP: 3/3
   688 | D:1      | Reached XP level 3. HP: 30/30 MP: 4/4
   923 | D:1      | Reached XP level 4. HP: 25/37 MP: 5/5
  1081 | D:1      | Reached skill level 1 in Dodging
  1155 | D:2      | Found a basalt altar of Yredelemnul.
  1155 | D:2      | Noticed a profane servitor
  1519 | D:2      | Found a glowing golden altar of the Shining One.
  1521 | D:2      | Noticed an angel
  1639 | D:2      | Reached ** piety under Lugonu
  1660 | D:2      | Reached skill level 3 in Polearms
  1741 | D:2      | Found a white marble altar of Elyvilon.
  1868 | D:2      | Noticed Jessica
  1879 | D:2      | Killed Jessica
  1879 | D:2      | Reached XP level 5. HP: 34/41 MP: 6/6
  2276 | D:2      | Gained mutation: You have a beak for a mouth. [potion of
                  | mutation]
  2276 | D:2      | Gained mutation: Scrolls take you a little longer to read.
                  | [potion of mutation]
  2276 | D:2      | Gained mutation: You are partially covered in yellow
                  | scales. (AC +2) [potion of mutation]
  2815 | D:3      | Reached XP level 6. HP: 43/48 MP: 7/7
  2872 | D:3      | Reached skill level 1 in Stealth
  3088 | D:4      | Found a sand-covered staircase.
  3100 | Ossuary  | Entered an ossuary
  3141 | Ossuary  | Reached *** piety under Lugonu
  3141 | Ossuary  | Reached skill level 4 in Polearms
  3599 | Ossuary  | Reached XP level 7. HP: 43/54 MP: 8/8
  3606 | Ossuary  | Reached skill level 5 in Polearms
  4841 | D:4      | Reached skill level 5 in Fighting
  5153 | D:4      | Reached skill level 6 in Polearms
  5153 | D:4      | Reached XP level 8. HP: 61/61 MP: 9/9
  5207 | D:4      | Reached **** piety under Lugonu
  5210 | D:4      | Lost mutation: Scrolls take you a little longer to read.
                  | [potion of mutation]
  5210 | D:4      | Lost mutation: You are partially covered in yellow scales.
                  | (AC +2) [potion of mutation]
  5210 | D:4      | Gained mutation: You are dopey. (Int -2) [potion of
                  | mutation]
  5210 | D:4      | Gained mutation: Scrolls take you a little longer to read.
                  | [potion of mutation]
  5210 | D:4      | Gained mutation: You are resistant to electric shocks.
                  | (rElec) [potion of mutation]
  5236 | D:4      | Found Menk's Food Shoppe.
  5287 | D:4      | Reached skill level 5 in Armour
  5896 | D:4      | Reached skill level 7 in Polearms
  5952 | D:5      | Entered Level 5 of the Dungeon
  5954 | D:5      | Noticed Eustachio
  6392 | D:5      | Killed Eustachio
  6392 | D:5      | Reached XP level 9. HP: 61/69 MP: 10/10
  6394 | D:5      | Found Ifajeg's Armour Shoppe.
  6470 | D:5      | Found a stormy altar of Qazlal.
  7108 | D:5      | Reached skill level 8 in Polearms
  7643 | D:6      | Found a staircase to the Ecumenical Temple.
  7812 | D:6      | Noticed Grinder
  7836 | D:6      | Killed Grinder
  7836 | D:6      | Reached skill level 9 in Polearms
  7876 | D:6      | Reached XP level 10. HP: 63/79 MP: 11/11
  7924 | D:6      | Noticed Blork the orc
  7931 | D:6      | Killed Blork the orc
  8623 | D:7      | Reached ***** piety under Lugonu
  9038 | D:7      | Found a shadowy altar of Dithmenos.
  9205 | D:7      | Found an ancient bone altar of Kikubaaqudgha.
  9205 | D:7      | Found a burning altar of Makhleb.
  9206 | D:7      | Found a bloodstained altar of Trog.
  9322 | D:8      | Found an iron altar of Okawaru.
 10040 | D:9      | Reached skill level 10 in Polearms
 11129 | D:10     | Entered Level 10 of the Dungeon
 11205 | D:10     | Reached XP level 11. HP: 86/86 MP: 12/12
 11230 | D:10     | Noticed a two-headed ogre
 11259 | D:10     | Mangled by a two-headed ogre

Skill      XL: |  1  2  3  4  5  6  7  8  9 10 |
---------------+-------------------------------+-----
Fighting       | 4 5 7 8 |  8.3
Dodging        | 1 2 3 4 |  4.4
Polearms       | 3 4 6 7 9 10 | 10.5
Armour         | 3 4 5 7 8 |  8.8
Stealth        | 1 2 |  2.8
Shields        | |  0.3
Invocations    | |  2.2

Action                   |  1- 3 |  4- 6 |  7- 9 | 10-12 || total
-------------------------+-------+-------+-------+-------++-------
Melee: Spear             |   119 |   344 |   315 |   390 ||  1168
       Peck              |       |    34 |    90 |    36 ||   160
       Trident           |       |       |   253 |       ||   253
Invok: Depart the Abyss  |     1 |       |       |       ||     1
 Abil: Dig               |    14 |       |       |     1 ||    15
Evoke: Wand              |       |       |       |     1 ||     1
  Use: Potion            |     3 |     1 |     2 |       ||     6
       Scroll            |       |     7 |     2 |    13 ||    22
  Eat: Ration            |       |     4 |     2 |     5 ||    11
       Chunk             |       |     1 |     3 |     6 ||    10
Armor: Leather armour    |     3 |       |       |       ||     3
       Fire dragon scale |    26 |   139 |   160 |   124 ||   449
       Skin              |    18 |       |       |       ||    18
Dodge: Dodged            |    39 |   124 |   151 |   110 ||   424
Block: Buckler           |       |       |       |    13 ||    13
